 Dungeon Crawl Stone Soup version 0.31-a0-221-gbddc013574 (webtiles) character file.

Game seed: 10261959589499770830

1808 Essalna the Zephyrmancer (level 9, -16/55 HPs)
             Began as a Tengu Air Elementalist on July 4, 2023.
             Was a Follower of Vehumet.
             Demolished by a two-headed ogre
             ... wielding a +0 giant club
              (23 damage)
             ... on level 7 of the Dungeon.
             The game lasted 00:13:25 (7478 turns).

Essalna the Zephyrmancer (Tengu Air Elementalist)   Turns: 7478, Time: 00:13:25

Health: -16/55     AC:  3    Str: 13    XL:     9   Next: 10%
Magic:  0/13       EV: 15    Int: 20    God:    Vehumet [*.....]
Gold:   376        SH:  5    Dex: 14    Spells: 9/12 levels left

rFire   . . .        y - +8 spear of Teengen {freeze, Str+4}
rCold   . . .        g - +2 buckler
rNeg    . . .        a - +1 robe
rPois   .            (helmet restricted)
rElec   .            (no cloak)
rCorr   .            (no gloves)
SInv    .            (boots unavailable)
Will    .....        k - amulet of regeneration
Stlth   ++           (no ring)
HPRegen 1.09/turn    (no ring)
MPRegen 0.13/turn

%: random rage (3%)
@: flying quickly and evasively, quick
A: beak, talons 3, nimble flight, berserk 1
a: Renounce Religion


You were on level 7 of the Dungeon.
You worshipped Vehumet.
Vehumet was aware of your devotion.
You visited 2 branches of the dungeon, and saw 8 of its levels.

You collected 376 gold pieces.

Inventory:

Hand Weapons
 e - a +2 heavy mace
 t - a +3 dagger
 y - the +8 spear of Teengen (weapon) {freeze, Str+4}
   (You found it on level 7 of the Dungeon)

   Str:       It affects your strength (+4).
Missiles
 w - a throwing net
Armour
 a - a +1 robe (worn)
 g - a +2 buckler (worn)
Magical Staves
 l - a staff of cold
Jewellery
 k - an amulet of regeneration (around neck)
Wands
 s - a wand of mindburst (17)
 v - a wand of polymorph (13)
Scrolls
 b - a scroll of torment {unknown}
 c - 4 scrolls of teleportation
 j - a scroll of enchant weapon
 p - a scroll of fog
 u - 3 scrolls of identify
 x - a scroll of enchant armour
 z - a scroll of blinking {unknown}
Potions
 d - 2 potions of might
 f - a potion of invisibility
 h - a potion of attraction
 i - 3 potions of heal wounds
 m - 2 potions of berserk rage {unknown}
 n - 2 potions of curing {unknown}
 o - 2 potions of lignification {unknown}
 q - 2 potions of degeneration {unknown}
 r - a potion of cancellation {unknown}


   Skills:
 + Level 6.2 Fighting
 + Level 2.3 Armour
 + Level 3.4 Dodging
 - Level 2.0 Stealth
 + Level 0.0 Shields
 - Level 2.0 Spellcasting
 + Level 8.2 Conjurations
 + Level 9.1 Air Magic


You had 9 spell levels left.
You knew the following spells:

 Your Spells              Type           Power      Damage    Failure   Level
a - Shock                 Conj/Air       100%       1d9       1%          1
b - Static Discharge      Conj/Air       72%        2-5/arc   1%          2

Your spell library contained the following spells:

 Spells                   Type           Power      Damage    Failure   Level
 Kiss of Death            Conj/Necr      72%        2d10      4%          1
 Swiftness                Air            38%        N/A       1%          3
 Airstrike                Air            19%        2d(3-19)  4%          4
 Beastly Appendage        Tmut           4%         N/A       22%         1
 Wereblood                Tmut           2%         N/A       32%         2
 Inner Flame              Hex/Fire       2%         N/A       54%         3
 Spider Form              Tmut/Pois      2%         N/A       54%         3
 Yara's Violent Unravell  Hex/Tmut       1%         3d3       99%         5
 Enfeeble                 Hex            1%         N/A       100%        7


Dungeon Overview and Level Annotations

Branches:
Dungeon (7/15)             Temple (1/1) D:5

Altars:
Ashenzari
Cheibriados
Dithmenos
Elyvilon
Fedhas
Gozag
Hepliaklqana
Kikubaaqudgha
Makhleb
Nemelex Xobeh
Okawaru
Qazlal
Ru
Sif Muna
Uskayaw
Vehumet
Wu Jian
Xom
Yredelemnul
Zin

Shops:
D:6 (

Annotations:
D:5 2 transporters


Innate Abilities, Weirdness & Mutations

You have a beak for a mouth.
You have claws for feet.
Your magical nature lets you fly swiftly and evasively.
You sometimes lose your temper in combat.


Message History

Confirm with . or Enter, or press ? or * to list all spells.
The two-headed ogre is struck by an arc of lightning!
The two-headed ogre is heavily wounded.
You are struck by an arc of lightning.
The lightning grounds out.
The two-headed ogre closely misses you.
The two-headed ogre hits you with a +0 giant club.
Casting: Static Discharge (safe; 1% risk of failure)
Confirm with . or Enter, or press ? or * to list all spells.
The two-headed ogre is struck by an arc of lightning.
The two-headed ogre is heavily wounded.
You are struck by an arc of lightning.
The two-headed ogre is struck by an arc of lightning.
The two-headed ogre is severely wounded.
The lightning grounds out.
The two-headed ogre closely misses you. You block the two-headed ogre's attack.
Casting: Static Discharge (safe; 1% risk of failure)
Confirm with . or Enter, or press ? or * to list all spells.
The two-headed ogre is struck by an arc of lightning.
The two-headed ogre is severely wounded.
You are struck by an arc of lightning.
The two-headed ogre is struck by an arc of lightning.
The two-headed ogre is severely wounded.
You are struck by an arc of lightning.
The two-headed ogre is struck by an arc of lightning.
The two-headed ogre is almost dead.
The lightning grounds out.
Casting: Static Discharge (safe; 1% risk of failure)
Confirm with . or Enter, or press ? or * to list all spells.
The two-headed ogre is struck by an arc of lightning.
The two-headed ogre is almost dead.
You are struck by an arc of lightning.
The lightning grounds out.
The two-headed ogre hits you with a +0 giant club!
The two-headed ogre hits you with a +0 giant club!!
* * * LOW HITPOINT WARNING * * *
Aiming: Mindburst
Press: ? - help, Shift-Dir - straight line, f/p - two-headed ogre
Aim: a two-headed ogre, wielding two +0 giant clubs (almost dead, chance to affect: 47%)
The two-headed ogre resists with some effort.
The two-headed ogre hits you with a +0 giant club!!
You die...

####..####..#.#
#..#..#..##...#
###...###...... #.....#
###.... ##.....# #####
#. #.....## ###.#
##..#####......###...#
.......#.......#.....##
......O@..........##..#
................####..#
...............## #..#
......###.......####..##
...### #.##............
.. #.######......## .
#.. ##....## .. #....#
####....#


You could see a two-headed ogre.

Vanquished Creatures
  Sigmund (D:4)
  2 ice beasts
  A black bear (D:6)
  An ogre (D:5)
  2 centaurs
  A phantom (D:6)
  A kobold brigand (D:7)
  A gnoll sergeant (D:6)
  A scorpion (D:6)
  A howler monkey (D:4)
  5 hounds
  2 jellies
  7 orc priests
  Jessica (D:2)
  A sleepcap (D:4)
  4 orc wizards
  Ijyb (D:4)
  5 gnolls (D:6)
  8 adders
  A shadow imp (D:4)
  An ufetubus (D:4)
  A dart slug (D:5)
  26 orcs
  11 ball pythons
  4 endoplasms
  2 giant cockroaches (D:1)
  4 goblins
  7 hobgoblins
  5 jackals
  4 quokkas
  5 bats
  5 frilled lizards
  16 kobolds
  6 rats
144 creatures vanquished.

Notes
Turn   | Place    | Note
-------+----------+-------------------------------------------
     0 | D:1      | Essalna the Tengu Air Elementalist began the quest for the
                  | Orb.
     0 | D:1      | Reached XP level 1. HP: 10/10 MP: 4/4
   249 | D:1      | Reached XP level 2. HP: 16/16 MP: 3/6
   512 | D:1      | Reached skill level 1 in Fighting
   818 | D:1      | Reached XP level 3. HP: 20/20 MP: 5/7
  1524 | D:2      | Reached XP level 4. HP: 26/26 MP: 1/8
  1625 | D:2      | Reached skill level 5 in Air Magic
  1780 | D:2      | Found a faded altar of an unknown god.
  2294 | D:2      | Noticed Jessica
  2299 | D:2      | Killed Jessica
  2596 | D:3      | Gained mutation: Your magical nature lets you fly swiftly
                  | and evasively. [Tengu growth]
  2596 | D:3      | Reached XP level 5. HP: 28/31 MP: 4/9
  3426 | D:4      | Noticed Sigmund
  3585 | D:4      | Found a shimmering blue altar of Sif Muna.
  3742 | D:4      | Noticed Ijyb
  3841 | D:4      | Reached XP level 6. HP: 37/37 MP: 5/10
  3842 | D:4      | Reached skill level 6 in Air Magic
  4397 | D:4      | Killed Sigmund
  4398 | D:4      | Reached skill level 5 in Conjurations
  4398 | D:4      | Reached XP level 7. HP: 26/43 MP: 3/11
  4530 | D:4      | Found a hazy altar of Hepliaklqana.
  4530 | D:4      | Found a radiant altar of Vehumet.
  4582 | D:4      | Became a worshipper of Vehumet
  4591 | D:4      | Learned a level 2 spell: Static Discharge
  4604 | D:4      | Killed Ijyb
  4671 | D:4      | Gained mutation: You sometimes lose your temper in combat.
                  | [potion of mutation]
  4671 | D:4      | Gained mutation: You have an uncontrollable temper. [potion
                  | of mutation]
  4671 | D:4      | Lost mutation: You have an uncontrollable temper. [potion
                  | of mutation]
  4693 | D:4      | Reached skill level 7 in Air Magic
  4787 | D:5      | Entered Level 5 of the Dungeon
  5025 | D:5      | Found a staircase to the Ecumenical Temple.
  5061 | Temple   | Entered the Ecumenical Temple
  5134 | D:5      | Reached XP level 8. HP: 48/48 MP: 4/12
  5221 | D:5      | Reached skill level 5 in Fighting
  5333 | D:5      | Found a transporter.
  5347 | D:5      | Found a transporter.
  5675 | D:5      | Reached skill level 8 in Air Magic
  5969 | D:6      | Found a basalt altar of Yredelemnul.
  6043 | D:6      | Found Ladghu's Hydra Hut.
  6043 | D:6      | Noticed a four-headed hydra
  6266 | D:6      | Reached * piety under Vehumet
  6266 | D:6      | Offered knowledge of Kiss of Death by Vehumet.
  6374 | D:6      | Reached skill level 1 in Armour
  6763 | D:6      | Found a sacrificial altar of Ru.
  6893 | D:7      | Reached skill level 9 in Air Magic
  7075 | D:7      | Reached XP level 9. HP: 41/55 MP: 4/13
  7296 | D:7      | Identified the +8 spear of Teengen {freeze, Str+4}
  7467 | D:7      | Noticed a two-headed ogre
  7478 | D:7      | Demolished by a two-headed ogre

Illustrated notes

Levels and vault maps discovered:
D:1:      pf_arrival_petrified_forest, layout_basic, minmay_stone_trees_medium
D:2:      layout_loops_ring, ebering_ecumenical_altar_box, uniq_jessica
D:3:      layout_basic, minmay_misc_feat_tiny
D:4:      layout_loops_corners, nicolae_sif_muna_condensation,
          jmf_multi_god_temple, minmay_misc_feat_ornament, uniq_ijyb,
          uniq_sigmund
D:5:      gammafunk_steamed_eel, layout_loops_cross,
          minmay_temple_entry_proselytizer, minmay_hedge_maze
D:6:      layout_cave_pools, mainiacjoe_overflow_catwalk, kennysheep_mini_moat,
          roderic_serpentine_path, doesnt_shop_hydraphobe
D:7:      layout_layer_cave
Temple:   hellmonk_temple_of_storms

Skill      XL: |  1  2  3  4  5  6  7  8 |
---------------+-------------------------+-----
Conjurations   | 2 3 4 5 6 8 |  8.2
Fighting       | 1 2 3 4 6 |  6.2
Air Magic      | 5 6 7 9 |  9.1
Armour         | 2 |  2.3
Dodging        | 3 |  3.4
Stealth        | |  2.0
Spellcasting   | |  2.0

Action                     |  1- 3 |  4- 6 |  7- 9 || total
---------------------------+-------+-------+-------++-------
  Melee: Unarmed           |     8 |       |       ||     8
         Kick              |     3 |     2 |     2 ||     7
         Peck              |     1 |     3 |     1 ||     5
         Mace              |       |    14 |    12 ||    26
         Punch             |       |       |     1 ||     1
   Cast: Shock             |    55 |   119 |   163 ||   337
         Static Discharge  |       |       |    12 ||    12
  Evoke: Wand              |       |       |     1 ||     1
    Use: Scroll            |       |     6 |     6 ||    12
         Potion            |       |       |     3 ||     3
   Stab: Sleeping          |       |       |     1 ||     1
         Distracted        |       |       |     1 ||     1
 Armour: Robe              |       |     2 |     3 ||     5
  Dodge: Dodged            |    15 |    22 |    49 ||    86
  Block: Buckler           |       |       |     1 ||     1

Table legend: (Time is in decaauts)
 A = Elapsed time spent in this place.
 B = Non-inter-level travel time spent in this place.
 C = Inter-level travel time spent in this place.
 D = Time resting spent in this place.
 E = Time spent auto-exploring this place.
 F = Levels seen in this place.
 G = Mean time per level.
                   A        B        C        D        E       F      G
               +--------+--------+--------+--------+--------+-----+--------+
         Total |   7246 |   7016 |    230 |    130 |   6024 |   8 |  905.8 |
       Dungeon |   7209 |   6984 |    225 |    130 |   6005 |   7 | 1029.9 |
        Temple |     36 |     31 |      5 |      0 |     19 |   1 |   36.0 |
               +--------+--------+--------+--------+--------+-----+--------+

Top non-repeatable levels by time:
     D:1: 1511 daAuts
     D:4: 1394 daAuts
     D:2: 1071 daAuts
     D:5: 1044 daAuts
     D:6: 1019 daAuts
     D:3: 698 daAuts
     D:7: 470 daAuts
  Temple: 36 daAuts
